Map: King's Cove LE

Players

David

  • Race: Terran Terran
  • Spawn Location: 5:00

Fisch - Winner!

  • Race: Protoss Protoss
  • League: Silver
  • Spawn Location: 11:00

VOD

Have the link to the VOD?

Description

Time

  • Played on: April 10, 2025, 11:24 a.m.
  • Length: 12:04
Show
View Real Time Build Order
Export as new Build Order

David Terran 

Build Orders:  

Get SALT Encoding   

  12  0:01  SCV  
  13  0:15  Supply Depot  
  13  0:19  SCV  
  14  0:26  Refinery  
  14  0:36  Supply Depot  
  14  0:40  SCV  
  15  0:56  Barracks  
  15  1:11  Barracks  
  15  1:27  Engineering Bay  
  15  1:44  Marine  
  16  1:54  SCV  
  16  2:00  Marine  
  18  2:02  Marine  
  18  2:06  SCV  
  20  2:13  Refinery  
  20  2:18  Marine  
  20  2:19  Marine  
  20  2:22  Orbital Command  
  22  2:36  Marine  
  23  2:37  Marine  
  23  2:42  Supply Depot  
  24  2:48  SCV  
  25  2:54  Marine  
  25  2:55  Marine  
  27  3:03  Factory  
  27  3:17  Barracks Tech Lab x2  
  27  3:20  Terran Infantry Weapons Level 1  
  27  3:22  Supply Depot  
  27  3:39  Combat Shield  
  27  3:41  Marine  
  27  3:42  Marine  
  29  3:53  SCV  
  30  4:02  Factory Tech Lab  
  30  4:05  SCV  
  31  4:13  Supply Depot  
  31  4:17  SCV  
  32  4:27  Siege Tank  
  32  4:28  Marine  
  32  4:29  SCV, Marine  
  29  4:46  Marine  
  29  4:47  Marine  
  29  4:48  SCV  
  32  4:59  Supply Depot  
  32  5:01  SCV  
  32  5:04  Marine  
  34  5:08  Factory  
  34  5:14  Marine  
  35  5:22  Marine  
  36  5:32  Marine  
  37  5:40  Command Center  
  37  5:52  Siege Tank  
  37  5:53  Factory Tech Lab  
  40  5:59  Supply Depot  
  40  6:09  Marauder  
  40  6:10  Marauder  
  44  6:19  Cyclone  
  45  6:41  Marine x2  
  47  6:47  SCV  
  48  6:56  Siege Tank  
  48  6:59  SCV, Marine x2  
  54  7:06  Supply Depot  
  54  7:08  SCV  
  55  7:17  Marine x2  
  55  7:20  SCV  
  58  7:25  SCV  
  59  7:33  SCV  
  59  7:34  Marine  
  59  7:35  Marine  
  59  7:36  Hellion x2  
  66  7:37  SCV  
  67  7:45  SCV  
  67  7:49  SCV  
  67  7:50  Supply Depot  
  69  7:52  Marine  
  69  7:53  Marine  
  69  7:55  Missile Turret  
  69  7:57  SCV  
  72  8:19  Marauder  
  76  8:20  Marauder  
  76  8:27  Starport  
  76  8:33  SCV x2  
  78  8:40  Refinery  
  78  8:41  Marauder x2  
  82  8:45  SCV x2  
  84  9:02  SCV, Marine x2  
  87  9:06  SCV  
  88  9:14  Missile Turret  
  88  9:15  SCV  
  89  9:18  SCV  
  89  9:19  Cyclone x2, Marine  
  89  9:20  Marine  
  89  9:21  Starport Tech Lab  
  98  9:27  Supply Depot  
  98  9:30  SCV  
  99  9:34  Missile Turret  
  99  9:37  Marine x2  
  101  9:48  Medivac  
  101  9:50  Missile Turret  
  101  9:51  Cyclone  
  106  10:00  Refinery  
  106  10:01  Marine  
  106  10:02  Marine  
  108  10:11  SCV  
  109  10:19  Marine  
  110  10:47  Supply Depot  
  110  11:00  Armory  
  110  11:08  SCV, Marine x2, Siege Tank, Medivac  
  110  11:10  Supply Depot  
  118  11:31  Siege Tank, Marine x2, SCV  
Show
View Real Time Build Order
Export as new Build Order

Fisch Protoss - Winner!

Build Orders:  

Get SALT Encoding   

  12  0:01  Probe  
  13  0:13  Probe  
  14  0:18  Pylon  
  14  0:25  Probe  
  15  0:38  Probe  
  15  0:39  Gateway  
  16  0:50  Assimilator, Probe  
  17  1:02  Probe  
  18  1:14  Probe  
  19  1:26  Probe  
  20  1:38  Probe  
  21  1:42  Cybernetics Core  
  21  1:50  Probe  
  22  2:00  Nexus  
  22  2:02  Probe  
  22  2:03  Pylon  
  23  2:10  Assimilator, Stalker  
  25  2:23  Warp Gate  
  25  2:30  Gateway  
  25  2:32  Probe  
  26  2:41  Stalker  
  26  2:46  Probe  
  29  2:58  Probe  
  30  3:06  Shield Battery  
  30  3:10  Probe  
  31  3:19  Stalker, Probe, Shield Battery  
  32  3:22  Probe  
  35  3:31  Probe  
  35  3:33  Shield Battery  
  36  3:34  Probe  
  37  3:44  Probe  
  37  3:45  Stalker  
  38  3:49  Stalker  
  38  3:55  Probe  
  41  3:57  Pylon  
  41  3:59  Probe  
  44  4:07  Probe  
  45  4:11  Probe  
  45  4:12  Shield Battery  
  46  4:17  Twilight Council  
  46  4:22  Probe  
  47  4:27  Stalker x2  
  51  4:37  Probe  
  51  4:38  Probe  
  53  4:40  Assimilator  
  53  4:49  Charge, Probe  
  53  4:50  Pylon  
  53  4:51  Assimilator  
  54  5:01  Pylon  
  54  5:04  Robotics Facility  
  54  5:07  Probe  
  54  5:08  Probe  
  54  5:10  Forge  
  56  5:15  Probe  
  56  5:21  Probe  
  58  5:24  Probe  
  59  5:29  Stalker x2  
  59  5:33  Probe  
  59  5:35  Probe  
  65  5:43  Protoss Ground Weapons Level 1  
  65  5:45  Probe  
  66  5:50  Gateway, Probe  
  66  5:51  Gateway  
  67  5:59  Stalker  
  67  6:03  Probe  
  70  6:07  Photon Cannon  
  70  6:10  Photon Cannon  
  70  6:29  Observer  
  69  6:33  Nexus  
  69  6:34  Probe  
  69  6:36  Pylon  
  69  6:38  Robotics Bay  
  70  6:51  Observer  
  70  6:54  Probe x2  
  72  6:55  Pylon  
  73  7:06  Probe x2  
  75  7:10  Zealot, Pylon  
  75  7:14  Pylon  
  77  7:20  Gateway  
  77  7:21  Gateway  
  76  7:22  Zealot  
  76  7:23  Zealot x2  
  76  7:25  Pylon  
  76  7:27  Gateway  
  76  7:28  Extended Thermal Lance  
  82  7:37  Zealot  
  82  7:42  Colossus  
  90  7:45  Probe  
  91  7:59  Stalker x4  
  99  8:10  Templar Archives  
  98  8:13  Photon Cannon  
  98  8:17  Zealot  
  98  8:18  Zealot  
  102  8:28  Probe  
  102  8:30  Assimilator  
  102  8:31  Assimilator  
  102  8:32  Colossus  
  103  8:36  Zealot x3  
  103  8:37  Zealot x2  
  113  8:45  Protoss Ground Armor Level 1  
  113  8:46  Pylon  
  118  9:09  Probe  
  118  9:13  Photon Cannon  
  118  9:17  Psionic Storm, Probe x3, Photon Cannon x2  
  119  9:19  Photon Cannon x2  
  122  9:25  High Templar  
  122  9:26  High Templar x4  
  132  9:36  Probe  
  133  9:44  Pylon  
  133  9:57  Colossus  
  133  10:02  Nexus, Probe x2  
  141  10:07  Pylon  
  141  10:12  Gateway  
  141  10:13  Gateway  
  141  10:18  Pylon  
  141  10:20  Pylon  
  141  10:25  Probe, Pylon  
  141  10:27  Pylon  
  142  10:37  Probe  
  143  10:44  Photon Cannon  
  143  10:45  Zealot  
  143  10:46  Photon Cannon  
  143  10:48  Zealot, Photon Cannon  
  147  10:51  Photon Cannon  
  147  10:52  Zealot  
  147  10:55  Colossus  
  155  11:07  Robotics Facility  
  155  11:10  Robotics Facility  
  155  11:21  High Templar x5  
  155  11:22  High Templar x2  
  167  11:26  Archon x2  
  167  11:27  Archon  
  164  11:44  Probe x3  
  167  11:54  Pylon  
  167  11:55  Pylon  
Tags
 
League
Silver
Matchup
PvT
Replay Pack
DaveSC2
Spawn Locations
Cross Positions
Add a new tag
Caveats
  • Supply blocks, unpowered buildings, or Contaminate may cause inaccurate times.
  • Supply counts are checked every 10 seconds.